 Dungeon Crawl Stone Soup version 0.28-a0-1632-g283549b12f (webtiles) character file.

Game seed: 4867182374288791060

33 Essalna the Conjurer (level 3, -1/19 HPs)
             Began as a Kobold Conjurer on Jan 25, 2022.
             Killed by divine providence
             ... invoked by an orc priest
              (15 damage)
             ... on level 2 of the Dungeon.
             The game lasted 00:01:55 (1453 turns).

Essalna the Conjurer (Kobold Conjurer)              Turns: 1453, Time: 00:01:55

Health: -1/19      AC:  2    Str:  4    XL:     3   Next: 47%
Magic:  1/7        EV: 14    Int: 21    God:
Gold:   4          SH:  0    Dex: 13    Spells: 6/7 levels left

rFire   . . .      SeeInvis .   c - +0 short sword
rCold   . . .      Faith    .   (no shield)
rNeg    . . .      Spirit   .   a - +0 robe
rPois   .          Reflect  .   (no helmet)
rElec   .          Harm     .   (no cloak)
rCorr   .          Rampage  .   (no gloves)
Will    .....                   (no boots)
Stlth   +++.......              (no amulet)
HPRegen 0.06/turn               (no ring)
MPRegen 0.10/turn               (no ring)

@: no status effects
A: small, no large weapons, nightstalker 3
a: no special abilities


You were on level 2 of the Dungeon.
You visited 1 branch of the dungeon, and saw 2 of its levels.

You collected 4 gold pieces.

Inventory:

Hand Weapons
 c - a +0 short sword (weapon)
Armour
 a - a +0 robe (worn)
Scrolls
 b - 2 scrolls of vulnerability {unknown}


   Skills:
 - Level 2.4 Dodging
 + Level 3.7 Stealth
 + Level 2.8 Spellcasting
 + Level 4.3 Conjurations


You had 6 spell levels left.
You knew the following spells:

 Your Spells              Type           Power      Damage    Failure   Level
a - Magic Dart            Conj           84%        1d7       2%          1

Your spell library contained the following spells:

 Spells                   Type           Power      Damage    Failure   Level
 Searing Ray              Conj           42%        2d6       3%          2
 Dazzling Flash           Conj/Hex       24%        N/A       17%         3
 Fulminant Prism          Conj/Hex       6%         3d7       50%         4
 Iskenderun's Mystic Bla  Conj/Tloc      12%        2d5       50%         4


Dungeon Overview and Level Annotations

Branches:
Dungeon (2/15)

Altars:


Innate Abilities, Weirdness & Mutations

You are small and have problems with some larger weapons.
You are completely attuned to the shadows.


Message History

You can't see any susceptible monsters within range! (Use Z to cast anyway.)
An orc priest comes into view. It is wielding a +0 short sword.
The magic dart hits the orc priest but does no damage.
The magic dart hits the orc priest but does no damage.
The magic dart hits the orc priest.
The orc priest is moderately wounded.
The magic dart hits the orc priest but does no damage.
The orc priest is moderately wounded.
A giant cockroach comes into view.
The orc priest hits you with a +0 short sword.
You are too injured to fight recklessly!
You are too injured to fight recklessly!
You are too injured to fight recklessly!
You are too injured to fight recklessly!
Casting: Magic Dart (safe; 2% risk of failure)
Confirm with . or Enter, or press ? or * to list all spells.
Aiming: Magic Dart (safe; 2% risk of failure)
Press: ? - help, Shift-Dir - straight line, f/p - orc priest
Aim: an orc priest, wielding a +0 short sword and wearing a +0 ring mail (moderately wounded, 100% to hit)
The magic dart hits the orc priest but does no damage.
The orc priest is moderately wounded.
The orc priest calls down the wrath of Beogh upon you.
You barely resist.
Casting: Magic Dart (safe; 2% risk of failure)
Confirm with . or Enter, or press ? or * to list all spells.
Aiming: Magic Dart (safe; 2% risk of failure)
Press: ? - help, Shift-Dir - straight line, f/p - orc priest
Aim: an orc priest, wielding a +0 short sword and wearing a +0 ring mail (moderately wounded, 100% to hit)
The magic dart hits the orc priest but does no damage.
The orc priest is moderately wounded.
The orc priest miscasts a cantrip.
You aren't carrying any items that you can evoke.
Unknown command.
The orc priest casts a cantrip, but nothing happens.
The orc priest miscasts a cantrip.
The giant cockroach barely misses you.
The orc priest mumbles some strange prayers to Beogh against you.
Beogh smites you!
Ouch! That really hurt!
You die...

.. #######
... #....<#
...####.#####
......>.....
...#@##.####
...#B#####
............
.....#.#####
.....#o#
......#.#
........#
......###
......#


You could see an orc priest and a giant cockroach.

Vanquished Creatures
  A dart slug (D:1)
  An orc (D:2)
  2 bats (D:1)
  3 endoplasms (D:1)
  3 giant cockroaches (D:1)
  4 goblins (D:1)
  4 hobgoblins (D:1)
  A kobold (D:1)
  2 ball pythons (D:1)
  4 frilled lizards (D:1)
  2 rats (D:1)
  A toadstool (D:1)
28 creatures vanquished.

Vanquished Creatures (others)
  2 plants (D:2)
  3 toadstools (D:1)
5 creatures vanquished.

Grand Total: 33 creatures vanquished

Notes
Turn   | Place    | Note
-------+----------+-------------------------------------------
     0 | D:1      | Essalna the Kobold Conjurer began the quest for the Orb.
     0 | D:1      | Reached XP level 1. HP: 10/10 MP: 3/3
   218 | D:1      | Reached XP level 2. HP: 15/15 MP: 0/5
   826 | D:1      | Reached XP level 3. HP: 19/19 MP: 0/6
  1337 | D:1      | Found a faded altar of an unknown god.
  1453 | D:2      | Killed from afar by an orc priest

Illustrated notes

Levels and vault maps discovered:
D:1:      ldierk_water_garden, layout_loops_ring,
          dreamdust_ecumenical_altar_sealed_demon, minmay_fountain_box,
          moated_statue, minmay_misc_feat_roman
D:2:      layout_basic, serial_forest, infiniplex_forest_straight_4,
          infiniplex_forest_end_1, infiniplex_forest_clump_small,
          infiniplex_forest_clump_medium, minmay_rat_gold_closets

Skill      XL: |  1 |
---------------+----+-----
Stealth        | 3 |  3.7
Dodging        | |  2.4
Spellcasting   | |  2.8
Conjurations   | |  4.3

Action                   || total
-------------------------++-------
Melee: Unarmed           ||     3
 Cast: Magic Dart        ||    54
Dodge: Dodged            ||     1

Table legend: (Time is in decaauts)
 A = Elapsed time spent in this place.
 B = Non-inter-level travel time spent in this place.
 C = Inter-level travel time spent in this place.
 D = Time resting spent in this place.
 E = Time spent auto-exploring this place.
 F = Levels seen in this place.
 G = Mean time per level.
                   A        B        C        D        E       F      G
               +--------+--------+--------+--------+--------+-----+--------+
         Total |   1452 |   1424 |     28 |      0 |   1297 |   2 |  726.0 |
       Dungeon |   1452 |   1424 |     28 |      0 |   1297 |   2 |  726.0 |
               +--------+--------+--------+--------+--------+-----+--------+

Top non-repeatable levels by time:
     D:1: 1399 daAuts
     D:2: 52 daAuts
